 Dungeon Crawl Stone Soup version 0.29.1-13-g9f3cf754e1 (webtiles) character file.

Game seed: 3626907897480665108

73162 raph the Destroyer (level 15, -4/77 HPs)
             Began as a Deep Elf Earth Elementalist on Feb 8, 2023.
             Was the Champion of Hepliaklqana.
             Engulfed by a cloud of freezing vapour (16 damage)
             ... while paralysed by an orc sorcerer
             ... on level 2 of the Orcish Mines.
             The game lasted 01:01:09 (33372 turns).

raph the Destroyer (Deep Elf Earth Elementalist)   Turns: 33372, Time: 01:01:10

Health: -4/77      AC: 17    Str:  5    XL:     15   Next: 3%
Magic:  30/40      EV:  2    Int: 30    God:    Hepliaklqana [******]
Gold:   2266       SH:  0    Dex: 19    Spells: 6/35 levels left

rFire   . . .      SeeInvis .   b - staff of earth
rCold   . . .      Faith    .   y - +0 buckler
rNeg    + . .      Spirit   .   J - +3 steam dragon scales
rPois   .          Reflect  .   (no helmet)
rElec   +          Harm     .   D - +2 cloak
rCorr   .          Rampage  .   o - +2 pair of gloves
Will    +....                   i - +2 pair of boots "Bent" {rN+ Slay+3}
Stlth   ++........              Y - amulet of the acrobat
HPRegen 0.22/turn               l - ring of the Endless Expanse {Wiz *Slow MP+9 Int+2}
MPRegen 0.27/turn               g - ring "Bificock" {*Slow Fly rElec EV+4 Dex+4}

@: paralysed, flying, slowed
A: reduced essence
a: Renounce Religion, Recall Ancestor, Ancestor Identity, Transference, Idealise


You were on level 2 of the Orcish Mines.
You worshipped Hepliaklqana.
Hepliaklqana was exalted by your worship.
You visited 4 branches of the dungeon, and saw 19 of its levels.
You also visited: Bailey.

You collected 2860 gold pieces.
You spent 594 gold pieces at shops.

Inventory:

Hand Weapons
 a - the +5 short sword of Dash {freeze, rElec rCorr Str+2 Int+4}
   (You found it on level 2 of the Dungeon)

   It freezes those it strikes, dealing additional cold damage.
   It can also slow down cold-blooded creatures.
   Str:       It affects your strength (+2).
   Int:       It affects your intelligence (+4).
   rElec:     It insulates you from electricity.
   rCorr:     It protects you from acid and corrosion.
 S - the +8 battleaxe of the Trees {flame, rPois rF+++}
   (You took it off an orc knight in a bailey)

   It burns those it strikes, dealing additional fire damage.
   Big, fiery blades are also staple armaments of hydra-hunters.
   rF:        It renders you almost immune to fire.
   rPois:     It protects you from poison.
Missiles
 E - 36 poisoned darts
 H - 7 throwing nets
 K - 16 curare-tipped darts
Armour
 i - the +2 pair of boots "Bent" (worn) {rN+ Slay+3}
   (You bought it in a shop on level 3 of the Dungeon)

   Slay:      It affects your accuracy & damage with ranged weapons and melee
   (+3).
   rN:        It protects you from negative energy.
 o - a +2 pair of gloves (worn)
 v - a +2 robe of fire resistance
 y - a +0 buckler (worn)
 D - a +2 cloak (worn)
 J - +3 steam dragon scales (worn)
Magical Staves
 b - a staff of earth (weapon)
 I - a staff of air
Jewellery
 g - the ring "Bificock" (right hand) {*Slow Fly rElec EV+4 Dex+4}
   (You found it on level 4 of the Lair of Beasts)

   [ring of evasion]

   EV:        It affects your evasion (+4).
   Dex:       It affects your dexterity (+4).
   rElec:     It insulates you from electricity.
   Fly:       It grants you flight.
   *Slow:     It may slow you when you take damage.
 l - the ring of the Endless Expanse (left hand) {Wiz *Slow MP+9 Int+2}
   (You found it on level 5 of the Lair of Beasts)

   [ring of wizardry]

   It improves your spell success rate.
   Int:       It affects your intelligence (+2).
   MP:        It affects your magic capacity (+9).
   *Slow:     It may slow you when you take damage.
 w - a ring of ice
 C - a +4 ring of protection
 X - a +4 ring of protection
 Y - an amulet of the acrobat (around neck)
Wands
 u - a wand of digging (6)
 x - a wand of polymorph (15)
 F - a wand of roots (14)
 G - a wand of paralysis (7)
 L - a wand of mindburst (21)
 R - a wand of light (3)
 W - a wand of flame (11)
Scrolls
 f - 7 scrolls of teleportation
 m - 6 scrolls of butterflies
 n - a scroll of amnesia
 t - 2 scrolls of brand weapon
 A - 3 scrolls of poison
 B - 2 scrolls of silence
 M - 12 scrolls of identify
 N - 3 scrolls of enchant weapon
 O - a scroll of blinking
 T - a scroll of summoning
 V - a scroll of magic mapping
Potions
 c - 5 potions of mutation
 d - a potion of might
 e - 5 potions of attraction
 h - 10 potions of curing
 j - a potion of haste
 k - 3 potions of invisibility
 p - 4 potions of brilliance
 q - 4 potions of magic
 r - 2 potions of ambrosia
 s - 3 potions of berserk rage
 z - a potion of resistance
 U - a potion of heal wounds
 Z - a potion of cancellation
Miscellaneous
 P - a phial of floods
 Q - a box of beasts


   Skills:
 + Level 7.4 Fighting
 + Level 5.4 Staves
 + Level 10.1 Dodging
 - Level 2.4 Stealth
 + Level 6.8 Shields
 - Level 10.7 Spellcasting
 * Level 13.2 Conjurations
 + Level 9.4 Transmutations
 - Level 5.1 Ice Magic
 - Level 5.6 Air Magic
 + Level 12.0 Earth Magic
 + Level 5.7 Invocations
 + Level 5.9 Evocations


You had 6 spell levels left.
You knew the following spells:

 Your Spells              Type           Power      Damage    Failure   Level
a - Sandblast             Erth           100%       2d20      1%          1
b - Passwall              Tmut/Erth      73%        N/A       1%          2
c - Stone Arrow           Conj/Erth      100%       3d13      1%          3
d - Petrify               Tmut/Erth      88%        N/A       1%          4
e - Mephitic Cloud        Conj/Pois/Air  52%        N/A       1%          3
f - Ignite Poison         Fire/Tmut/Pois 35%        N/A       1%          3
g - Freezing Cloud        Conj/Ice/Air   29%        6-21      1%          5
h - Irradiate             Conj/Tmut      35%        3d23      1%          5
i - Vampiric Draining     Necr           16%        2d7       4%          3

Your spell library contained the following spells:

 Spells                   Type           Power      Damage    Failure   Level
 Apportation              Tloc           32%        N/A       1%          1
 Beastly Appendage        Tmut           100%       N/A       1%          1
 Foxfire                  Conj/Fire      100%       2x1d9     1%          1
 Freeze                   Ice            100%       1d11      1%          1
 Slow                     Hex            64%        N/A       1%          1
 Wereblood                Tmut           64%        N/A       1%          2
 Conjure Flame            Conj/Fire      54%        6-21      1%          3
 Frozen Ramparts          Ice            94%        1d15      1%          3
 Spider Form              Tmut/Pois      44%        N/A       1%          3
 Flame Wave               Conj/Fire      54%        2d13      1%          4
 Hailstorm                Conj/Ice       63%        3d13      1%          4
 Blade Hands              Tmut           32%        N/A       1%          5
 Confusing Touch          Hex            16%        N/A       4%          3
 Inner Flame              Hex/Fire       16%        N/A       4%          3
 Alistair's Intoxication  Tmut/Pois      29%        N/A       6%          5
 Eringya's Noxious Bog    Tmut/Pois      22%        N/A       32%         6
 Summon Forest            Summ/Tloc      8%         N/A       41%         5
 Dragon Form              Tmut           32%        N/A       26%         7
 Summon Hydra             Summ           8%         N/A       100%        7


Dungeon Overview and Level Annotations

Branches:
Dungeon (11/15)            Temple (1/1) D:6            Lair (5/5) D:11
  Swamp (0/4) Lair:2        Snake (0/4) Lair:2        Slime (0/5) Lair:4
    Orc (2/2) D:9             Elf (0/3) Orc:2        Bailey (visited)

Altars:
Dithmenos
Hepliaklqana
Okawaru
Ru
Sif Muna
Xom

Shops:
D:3 [   D:7 (   Orc:2 *!


Message History

Casting: Freezing Cloud (dangerous; 1% risk of failure)
Confirm with . or Enter, or press ? or * to list all spells.
Aiming: Freezing Cloud (dangerous; 1% risk of failure)
Press: ? - help, Dir - move target, f - orc sorcerer
Aim: an orc sorcerer, wielding a +0 dagger and wearing a +0 robe (ally target) That beam is likely to hit you.
Continue anyway?
You are engulfed in freezing vapours.
You hear a shout!
The orc sorcerer is engulfed in freezing vapours.
You hear a shout!
Casting: Freezing Cloud (dangerous; 1% risk of failure)
Confirm with . or Enter, or press ? or * to list all spells.
Aiming: Stone Arrow (safe; 1% risk of failure)
Press: ? - help, Shift-Dir - straight line, f/p - orc sorcerer
Aim: an orc sorcerer, wielding a +0 dagger and wearing a +0 robe (freezing vapour, moderately wounded, ally target, 72% to hit)
You feel a surge of power!
The stone arrow misses the orc sorcerer.
You are engulfed in freezing vapours.
The orc sorcerer is engulfed in freezing vapours.
Xochitl closely misses the orc sorcerer.
Casting: Stone Arrow (safe; 1% risk of failure)
Confirm with . or Enter, or press ? or * to list all spells.
Aiming: Stone Arrow (safe; 1% risk of failure)
Press: ? - help, Shift-Dir - straight line, f/p - orc sorcerer
Aim: an orc sorcerer, wielding a +0 dagger and wearing a +0 robe (freezing vapour, severely wounded, ally target, 72% to hit)
You feel a surge of power!
The stone arrow misses the orc sorcerer.
You are engulfed in freezing vapours.
The orc sorcerer is engulfed in freezing vapours.
The orc sorcerer points at you and mumbles some strange words.
You suddenly lose the ability to move!
Xochitl hits the orc sorcerer but does no damage.
You are engulfed in freezing vapours.
The orc sorcerer is engulfed in freezing vapours.
You kill the orc sorcerer!
You are engulfed in freezing vapours. x2
* * * LOW HITPOINT WARNING * * *
You feel yourself slow down.
You are engulfed in freezing vapours.
You die...

..###..###...#...###.............
.###.R###...###...###............
###..###...##.##...###...........
##........##...##...###.........)
#....#)..## #..##)..###.........
...#....## #..##)#.###........
.#.....## #..))...###...)...
)..#..## ##)#)....###..))..
.#.....## #@..))..###..)))..
..)#....## #☼R##.#.###..))....
#))))#...## #§§##.).###...).....
##.))..).3##§§§##...###..........
##))###)4.##§##).)###.....).....
##))###..o###3.)###.......)....
##))###...#.3.###.............
##..###.#o#.###..............
##..###...###...............


You could see the friendly Xochitl the knight.

Vanquished Creatures
  An orc warlord (Orc:2)
  An ettin (Orc:2)
  Harold (D:9)
  An ogre mage (Orc:2)
  A catoblepas (Lair:5)
  6 two-headed ogres
  6 death yaks
  An orc high priest (Orc:2)
  A sixfirhy (Orc:2)
  2 lindwurms
  6 orc sorcerers (Orc:2)
  Pikel (D:8)
  6 orc knights
  3 manticores
  A cyclops (Orc:1)
  4 black mambas
  A gargoyle (D:11)
  6 elephants
  4 rime drakes
  A spectral unseen horror (D:9)
  9 cane toads
  An unseen horror zombie (D:9)
  8 komodo dragons
  Maggie (D:7)
  2 kobold demonologists (Bailey)
  An ice devil (Orc:2)
  5 trolls
  A red devil (Orc:2)
  3 polar bears (D:11)
  A hellwing (Orc:2)
  A hornet (D:11)
  9 dream sheep (Lair:4)
  3 slime creatures (D:10)
  11 blink frogs
  Sigmund (D:4)
  2 shadows
  4 centaur simulacra (D:11)
  2 wyverns
  39 yaks
  4 basilisks
  4 nagas (Lair:2)
  16 water moccasins
  2 black bears
  35 orc warriors
  5 ice beasts
  5 ogres
  A centaur (D:7)
  7 wolves
  A lemure (D:7)
  A phantom (D:5)
  A kobold brigand (D:11)
  8 bullfrogs
  A necrophage (D:5)
  A scorpion (D:5)
  2 gnoll sergeants
  3 earth elementals (D:11)
  10 wights (D:7)
  12 killer bees
  4 howler monkeys
  A vampire bat (Lair:1)
  5 electric eels (Bailey)
  10 jellies
  20 orc priests
  Crazy Yiuf (D:4)
  Natasha (thrice) (D:4)
  11 iguanas
  14 orc wizards
  A boggart simulacrum (D:11)
  7 gnolls
  8 adders
  3 shadow imps
  3 white imps (D:11)
  2 ufetubi
  A worm (D:2)
  A dart slug (D:1)
  74 orcs
  4 ball pythons
  9 endoplasms
  3 giant cockroaches
  16 goblins
  8 hobgoblins
  3 quokkas
  11 bats
  9 frilled lizards (D:3)
  22 kobolds
  A rat (D:1)
532 creatures vanquished.

Vanquished Creatures (collateral kills)
  2 catoblepae (Lair:5)
  2 two-headed ogres
  A death yak (Lair:5)
  2 orc knights (Orc:2)
  2 orc sorcerers (Orc:2)
  7 elephants
  A black mamba (Lair:2)
  2 cane toads
  A gargoyle (D:11)
  An orange demon (Orc:2)
  An unseen horror (D:9)
  A rime drake (Lair:3)
  3 komodo dragons
  A polar bear (Lair:5)
  3 dream sheep
  2 blink frogs
  A centaur simulacrum (D:11)
  20 yaks
  2 wyverns
  A basilisk (Lair:1)
  A steam dragon (D:8)
  A warg (Orc:2)
  6 water moccasins
  4 orc warriors
  2 ice beasts (D:5)
  4 ogres
  A centaur (D:9)
  3 wolves
  2 kobold brigands
  A lemure (D:8)
  3 bullfrogs
  An earth elemental (D:11)
  A necrophage (D:7)
  A scorpion (D:5)
  4 killer bees
  2 howler monkeys (D:8)
  An electric eel (D:11)
  4 jellies (Lair:4)
  An orc priest (Orc:2)
  3 centaur skeletons (D:9)
  2 iguanas (Lair:1)
  5 orc wizards
  2 gnolls
  An ufetubus (D:6)
  18 orcs
  3 hobgoblins (Bailey)
  A goblin (Bailey)
  3 kobolds (D:11)
137 creatures vanquished.

Vanquished Creatures (others)
  A yak (Lair:5)
  An orc warrior (Orc:2)
  An orc priest (Orc:2)
  5 knights
  2 ancestors (D:4)
  11 fungi
  85 plants
106 creatures vanquished.

Grand Total: 775 creatures vanquished

Notes
Turn   | Place    | Note
-------+----------+-------------------------------------------
     0 | D:1      | raph the Deep Elf Earth Elementalist began the quest for
                  | the Orb.
     0 | D:1      | Reached XP level 1. HP: 10/10 MP: 6/6
   264 | D:1      | Reached XP level 2. HP: 13/15 MP: 2/8
   561 | D:1      | Found a faded altar of an unknown god.
  1036 | D:2      | Reached XP level 3. HP: 19/19 MP: 7/9
  1039 | D:2      | Learned a level 2 spell: Passwall
  1043 | D:2      | Learned a level 3 spell: Stone Arrow
  1201 | D:2      | Reached skill level 1 in Conjurations
  1516 | D:2      | Reached skill level 5 in Earth Magic
  1717 | D:2      | Identified the +5 short sword of Dash {freeze, rElec rCorr
                  | Str+2 Int+4}
  2154 | D:3      | Reached XP level 4. HP: 21/24 MP: 4/10
  2267 | D:3      | Found a hazy altar of Hepliaklqana.
  2271 | D:3      | Became a worshipper of Hepliaklqana the Forgotten
  2299 | D:3      | Found Edwer's Antique Armour Boutique.
  2310 | D:3      | Bought a glowing robe for 74 gold pieces
  3312 | D:4      | Identified the +7 mace of the Eternal Void {venom, rC+
                  | Str+2}
  3326 | D:3      | Bought a pair of gloves for 90 gold pieces
  3398 | D:4      | Reached skill level 2 in Conjurations
  3427 | D:4      | Reached * piety under Hepliaklqana
  3435 | D:4      | Noticed a bullfrog
  3437 | D:4      | Killed a bullfrog
  3438 | D:4      | Reached skill level 3 in Conjurations
  3438 | D:4      | Reached XP level 5. HP: 25/25 MP: 9/11
  3551 | D:4      | Learned a level 4 spell: Petrify
  3600 | D:4      | Noticed Sigmund
  3702 | D:4      | Noticed an ogre
  4176 | D:4      | Killed an ogre
  4177 | D:4      | Reached XP level 6. HP: 28/28 MP: 1/13
  4291 | D:4      | Killed Sigmund
  4292 | D:4      | Reached skill level 4 in Conjurations
  4488 | D:4      | Noticed Natasha
  4495 | D:4      | Learned a level 3 spell: Mephitic Cloud
  4498 | D:4      | Killed Natasha
  4568 | D:4      | Noticed Natasha
  4573 | D:4      | Killed Natasha
  4574 | D:4      | Reached XP level 7. HP: 24/32 MP: 13/15
  4886 | D:4      | Noticed Natasha
  4891 | D:4      | Killed Natasha
  4931 | D:4      | Found a runed translucent door.
  4932 | D:4      | Noticed Crazy Yiuf
  5039 | D:4      | Identified the +3 scale mail "Hetautedghe" {Will+ Str-4
                  | Int+9 SInv}
  5146 | D:4      | Killed Crazy Yiuf
  5267 | D:5      | Entered Level 5 of the Dungeon
  5484 | D:5      | Reached skill level 5 in Spellcasting
  5500 | D:5      | Reached skill level 5 in Conjurations
  5615 | D:5      | Reached ** piety under Hepliaklqana
  5616 | D:5      | Remembered your ancestor Xochitl as a knight
  5701 | D:5      | Reached XP level 8. HP: 34/37 MP: 16/18
  5962 | D:5      | Reached skill level 1 in Fighting
  6670 | D:5      | Reached skill level 6 in Conjurations
  6670 | D:5      | Reached skill level 5 in Transmutations
  6823 | D:6      | Reached XP level 9. HP: 44/44 MP: 10/21
  6827 | D:6      | Learned a level 3 spell: Ignite Poison
  6898 | D:6      | Found a staircase to the Ecumenical Temple.
  6955 | Temple   | Entered the Ecumenical Temple
  7222 | D:6      | Noticed a troll
  7227 | D:6      | Killed a troll
  7693 | D:7      | Reached skill level 1 in Shields
  7842 | D:7      | Reached *** piety under Hepliaklqana
  7981 | D:7      | Found Ifrunexi's Antique Weapon Shop.
  8015 | D:7      | Reached skill level 7 in Conjurations
  8349 | D:3      | Bought a pair of encrusted boots for 190 gold pieces
  8349 | D:3      | Identified the +2 pair of boots "Bent" {rN+ Slay+3} (You
                  | bought it in a shop on level 3 of the Dungeon)
  9946 | D:8      | Reached XP level 10. HP: 50/50 MP: 11/24
 10170 | D:8      | Noticed Pikel
 10462 | D:8      | Noticed Maggie
 10841 | D:7      | Killed Maggie
 10981 | D:7      | Learned a level 5 spell: Freezing Cloud
 11145 | D:8      | Reached skill level 5 in Dodging
 11179 | D:8      | Killed Pikel
 11180 | D:8      | Reached skill level 1 in Air Magic
 11583 | D:9      | Noticed Harold
 11591 | D:9      | Killed Harold
 11592 | D:9      | Reached skill level 8 in Conjurations
 11689 | D:9      | Reached **** piety under Hepliaklqana
 12007 | D:9      | Reached XP level 11. HP: 55/55 MP: 16/26
 12681 | D:9      | Noticed a two-headed ogre
 12689 | D:9      | Killed a two-headed ogre
 12732 | D:9      | Reached skill level 1 in Ice Magic
 12826 | D:9      | Found a shadowy altar of Dithmenos.
 13002 | D:9      | Found a staircase to the Orcish Mines.
 13075 | D:10     | Entered Level 10 of the Dungeon
 13168 | D:10     | Found a sacrificial altar of Ru.
 13170 | D:10     | Found a shimmering blue altar of Sif Muna.
 13172 | D:10     | Found an iron altar of Okawaru.
 13396 | D:10     | Found a flagged portal.
 13456 | Bailey   | Entered a bailey
 13547 | Bailey   | Noticed an orc knight
 13554 | Bailey   | Killed an orc knight
 14096 | Bailey   | Identified the +8 flail of Qimam {vamp, rElec rC+ rN+
                  | Will-}
 14109 | Bailey   | Identified the +8 battleaxe of the Trees {flame, rPois
                  | rF+++}
 14109 | Bailey   | Noticed an orc knight
 14158 | Bailey   | Killed an orc knight
 14159 | Bailey   | Reached skill level 5 in Fighting
 14238 | Bailey   | Noticed a soul eater
 14455 | Bailey   | Found an iron altar of Okawaru.
 14482 | Bailey   | Reached skill level 9 in Conjurations
 14660 | Bailey   | Identified the +2 dagger "Medioty" {distort, *Noise rPois
                  | Str+4 Stlth+}
 15039 | D:10     | Acquired a book of Flames
 15095 | D:10     | Noticed a two-headed ogre
 15100 | D:10     | Killed a two-headed ogre
 15211 | D:10     | Reached ***** piety under Hepliaklqana
 15247 | D:10     | Reached skill level 10 in Spellcasting
 15345 | D:10     | Reached skill level 10 in Earth Magic
 16037 | D:11     | Noticed a two-headed ogre
 16040 | D:11     | Killed a two-headed ogre
 16041 | D:11     | Reached XP level 12. HP: 61/61 MP: 16/28
 16495 | D:11     | Reached skill level 5 in Air Magic
 17267 | D:11     | Found a staircase to the Lair.
 17571 | D:11     | Reached skill level 5 in Ice Magic
 17856 | Lair:1   | Entered Level 1 of the Lair of Beasts
 18023 | Lair:1   | Reached skill level 10 in Conjurations
 18245 | Lair:1   | Acquired 695 gold pieces
 18845 | Lair:1   | Learned a level 5 spell: Irradiate
 19057 | Lair:2   | Found a staircase to the Snake Pit.
 19063 | Lair:2   | Reached skill level 5 in Shields
 19169 | Lair:2   | Reached skill level 1 in Invocations
 19169 | Lair:2   | Reached skill level 1 in Evocations
 19173 | Lair:2   | Reached skill level 1 in Staves
 19759 | Lair:2   | Found a staircase to the Swamp.
 20405 | Lair:2   | Reached XP level 13. HP: 66/66 MP: 22/29
 21866 | Lair:3   | Reached skill level 11 in Conjurations
 22016 | Lair:3   | Identified the +1 short sword "Teffemae" {antimagic, Int+7}
 22796 | Lair:4   | Identified the ring "Bificock" {*Slow Fly rElec EV+4 Dex+4}
 22813 | Lair:4   | Reached ****** piety under Hepliaklqana
 23208 | Lair:4   | Found a staircase to the Slime Pits.
 24279 | Lair:5   | Entered Level 5 of the Lair of Beasts
 25953 | Lair:4   | Learned a level 3 spell: Vampiric Draining
 27032 | Lair:5   | Reached skill level 12 in Conjurations
 27145 | Lair:5   | Reached XP level 14. HP: 72/72 MP: 20/30
 28454 | Lair:5   | Reached skill level 5 in Evocations
 28714 | Lair:5   | Identified the ring of the Endless Expanse {Wiz *Slow MP+9
                  | Int+2}
 29227 | Orc:1    | Entered Level 1 of the Orcish Mines
 29303 | Orc:1    | Found the +4 robe of Folly {Brilliance Will-∞ Int+8}
 29364 | Orc:2    | Entered Level 2 of the Orcish Mines
 29585 | Orc:1    | Found a shimmering altar of Xom.
 29815 | Orc:2    | Reached skill level 5 in Invocations
 29821 | Orc:2    | Noticed an orc warlord
 30073 | Orc:2    | Killed an orc warlord
 31083 | Orc:2    | Found Asatas's Distillery.
 31116 | Orc:2    | Reached skill level 5 in Staves
 31321 | Orc:2    | Found Jisukell's General Store.
 31435 | Orc:2    | Bought a potion of magic for 120 gold pieces
 31435 | Orc:2    | Bought a potion of magic for 120 gold pieces
 31532 | Orc:2    | Reached skill level 13 in Conjurations
 31941 | Orc:2    | Found a staircase to the Elven Halls.
 32770 | Orc:2    | Reached skill level 10 in Dodging
 33116 | Orc:2    | Reached XP level 15. HP: 24/77 MP: 6/31
 33368 | Orc:2    | Paralysed by an orc sorcerer for 5 turns
 33372 | Orc:2    | Engulfed by a cloud of freezing vapour

Illustrated notes

Levels and vault maps discovered:
D:1:      lemuel_arrival_muddy, layout_loops_ring, basic_ecumenical_altar,
          minivault_14
D:2:      minmay_kobold_bridge, layout_basic
D:3:      layout_loops_corners, mainiacjoe_overflow_six_doors_small,
          serial_shops, nicolae_shop_trees, minmay_lizard_king
D:4:      nicolae_cairo_tiling, layout_gridville, uniq_sigmund, uniq_natasha,
          uniq_crazy_yiuf_cottage
D:5:      kb_forest_paths, layout_basic
D:6:      layout_cave_pools, minmay_temple_entry_large_hall,
          minmay_tree_intersection, minmay_misc_feat_plants,
          minmay_misc_feat_tiny
D:7:      layout_layer_cave, serial_shops, shop
D:8:      layout_rooms, uniq_pikel, uniq_maggie
D:9:      layout_roguey [special_room_orc], nicolae_overflow_crystal_walls,
          orc_0_dummy, hangedman_weighted_door, st_stairs_12, uniq_harold
D:10:     minmay_stone_box, layout_basic, gammafunk_temple_overflow_forgotten,
          enter_bailey_5
D:11:     layout_basic, david_lair_shrubbed, serial_ice, serial_ice_h,
          serial_ice_c, serial_ice_i, serial_ice_e, serial_ice_a, serial_ice_o,
          serial_ice_d, serial_ice_g, serial_ice_b, serial_ice_m,
          roderic_serpentine_path
Temple:   minmay_temple_bridge_d
Lair:1:   beast_lair_carwin_large_1, layout_chaotic_city, roderic_batcave
Lair:2:   wad_woods_structure_01, layout_regular_city, swamp_mist,
          guppyfry_snake_entry_island
Lair:3:   layout_hall_layers, lemuel_fruit_tree, grunt_megastairs_5
Lair:4:   layout_regular_city, minmay_slime_entry_jelly_boxes,
          chequers_serial_rivers_micro_c
Lair:5:   evilmike_catoblepas_cave, layout_misc_corridors
Orc:1:    layout_caves, basic_altar, dreamdust_deal_with_the_devil
Orc:2:    pf_orc_diabolical, layout_diamond_mine

Skill      XL: |  1  2  3  4  5  6  7  8  9 10 11 12 13 14 |
---------------+-------------------------------------------+-----
Earth Magic    | 4 5 6 7 8 9 10 11 12 | 12.0
Conjurations   | 1 3 4 5 6 7 8 9 10 12 13 | 13.2
Spellcasting   | 4 5 7 8 9 10 | 10.7
Transmutations | 2 4 5 6 7 8 9 |  9.4
Fighting       | 2 3 4 5 6 7 |  7.4
Dodging        | 4 5 6 8 9 10 | 10.1
Shields        | 2 3 4 5 6 |  6.8
Air Magic      | 2 4 5 |  5.6
Ice Magic      | 4 5 |  5.1
Invocations    | 1 4 5 |  5.7
Evocations     | 2 4 5 |  5.9
Staves         | 1 3 5 |  5.4
Stealth        | |  2.4

Action                   |  1- 3 |  4- 6 |  7- 9 | 10-12 | 13-15 || total
-------------------------+-------+-------+-------+-------+-------++-------
Melee: Dagger            |     6 |       |       |       |       ||     6
       Short sword       |     2 |     7 |       |       |       ||     9
       Staff             |       |     1 |     4 |    18 |    96 ||   119
 Cast: Sandblast         |    40 |    35 |    58 |   107 |    27 ||   267
       Stone Arrow       |     4 |     4 |    66 |   219 |   170 ||   463
       Passwall          |       |     1 |       |     1 |     1 ||     3
       Mephitic Cloud    |       |       |     4 |    31 |    10 ||    45
       Ignite Poison     |       |       |     4 |    22 |     8 ||    34
       Petrify           |       |       |     3 |     2 |       ||     5
       Freezing Cloud    |       |       |       |    11 |    90 ||   101
       Vampiric Draining |       |       |       |       |     5 ||     5
Invok: Recall Ancestor   |       |     1 |     3 |     6 |     4 ||    14
       Ancestor Life: Kn |       |       |     1 |       |       ||     1
  Use: Scroll            |       |    13 |    10 |     8 |     5 ||    36
       Potion            |       |     1 |     1 |     2 |       ||     4
 Stab: Sleeping          |     2 |       |     1 |     1 |     1 ||     5
       Petrifying        |       |       |     1 |       |       ||     1
       Distracted        |       |       |       |       |     1 ||     1
Armor: Robe              |     3 |    11 |    20 |    35 |       ||    69
       Steam dragon scal |       |       |       |    38 |    50 ||    88
Dodge: Dodged            |    18 |     9 |    17 |   112 |   157 ||   313
Block: Buckler           |       |       |     3 |    43 |    55 ||   101
